 Dungeon Crawl Stone Soup version 0.21.0-37-g46506fa (webtiles) character file.

34303 doot the Cruncher (level 13, -1/190 HPs)
             Began as a Green Draconian Chaos Knight on Jan 30, 2018.
             Was a Priest of Sif Muna.
             Slain by an ice devil (15 damage)
             ... summoned by an orc high priest
             ... on level 1 of the Orcish Mines on Jan 31, 2018.
             The game lasted 01:15:12 (21111 turns).

doot the Cruncher (Green Draconian Chaos Knight)   Turns: 21111, Time: 01:15:13

Health: -1/190     AC: 10    Str: 27    XL:     13   Next: 41%
Magic:  15/15      EV:  2    Int: 15    God:    Sif Muna [***...]
Gold:   1013       SH:  0    Dex: 13    Spells: 12/12 levels left

rFire    . . .     SeeInvis +   a - +5 quarterstaff (chaos)
rCold    . . .     Gourm    .   (shield currently unavailable)
rNeg     + + +     Faith    .   (armour unavailable)
rPois    +         Spirit   .   (helmet currently unavailable)
rElec    +         Reflect  .   (cloak currently unavailable)
rCorr    .         Harm     .   (gloves currently unavailable)
MR       .....     Clarity  +   (boots currently unavailable) Stlth +++++.....NoTele +
                                v - amulet of Ledost {+Rage Str+4}
HPRegen  0.41/turn              S - +3 ring of evasion
MPRegen  0.14/turn              M - ring "Tehu" {rElec rN+ Str+3 SInv}

@: mighty, short of breath, tree-form, corroded, berserk cooldown, slowed, very
slow
A: (breathe noxious fumes), unfitting armour, blurry vision 1, clarity, robust
1, AC +8
a: Divine Energy, Channel Magic, Renounce Religion, Evoke Berserk Rage


You were on level 1 of the Orcish Mines.
You worshipped Sif Muna.
Sif Muna was most pleased with you.
You were near starving.
You were a tree.
You visited 4 branches of the dungeon, and saw 18 of its levels.
You also visited: Ossuary.

You collected 1013 gold pieces.

Inventory:

Hand Weapons
 a - a +5 quarterstaff of chaos (weapon)
 w - a +0 dagger
 z - a +0 halberd
 A - a +0 spear of chaos
 E - a +0 glaive
 J - a +1 whip of electrocution
Armour
 B - a +1 cloak (melded)
Magical Staves
 b - an uncursed staff of power
 h - an uncursed staff of poison
Jewellery
 v - the amulet of Ledost (around neck) {+Rage Str+4}
   (You found it on level 5 of the Dungeon)

   [amulet of rage]

   It affects your strength (+4).
   It lets you go berserk.
 y - an uncursed ring of protection from fire
 M - the ring "Tehu" (right branch) {rElec rN+ Str+3 SInv}
   (Xom gifted it to you on level 10 of the Dungeon)

   [ring of positive energy]

   It affects your strength (+3).
   It insulates you from electricity.
   It protects you from negative energy.
   It lets you see invisible.
 S - a +3 ring of evasion (left branch)
Wands
 e - a wand of disintegration (13)
 C - a wand of random effects (16)
 I - a wand of paralysis (14)
 P - a wand of enslavement (11)
 Q - a wand of digging (25)
Scrolls
 c - 5 scrolls of fog
 d - 4 scrolls of immolation
 g - 6 scrolls of amnesia
 m - 2 scrolls of enchant armour
 n - 11 scrolls of identify
 o - 5 scrolls of enchant weapon
 p - 4 scrolls of teleportation
 q - a scroll of summoning {unknown}
 s - 7 scrolls of random uselessness
 u - 5 scrolls of magic mapping
 F - 7 scrolls of remove curse
 N - 2 scrolls of fear
 O - 2 scrolls of acquirement
 R - a scroll of blinking {unknown}
Potions
 f - 3 potions of lignification
 j - 8 potions of curing
 k - a potion of heal wounds
 l - 4 potions of flight
 r - 2 potions of invisibility
 t - a potion of haste
 D - 3 potions of might
Books
 i - a book of Air

   Spells                             Type                      Level
   a - Shock                          Conjuration/Air              1
   b - Swiftness                      Charms/Air                   2
   c - Static Discharge               Conjuration/Air              3
   d - Airstrike                      Air                          4
   e - Lightning Bolt                 Conjuration/Air              5
 K - a book of Geomancy

   Spells                             Type                      Level
   a - Sandblast                      Earth                        1
   b - Passwall                       Transmutation/Earth          2
   c - Stone Arrow                    Conjuration/Earth            3
   d - Petrify                        Transmutation/Earth          4
   e - Lee's Rapid Deconstruction     Earth                        5
 L - An Introduction to Witchcraft
   (You found it on level 10 of the Dungeon)

   Spells                             Type                      Level
   a - Sting                          Conjuration/Poison           1
   b - Confusing Touch                Hexes                        1
   c - Freeze                         Ice                          1
   d - Animate Skeleton               Necromancy                   1
   e - Summon Butterflies             Summoning                    1
Miscellaneous
 H - a crystal ball of energy
Comestibles
 x - 19 rations


   Skills:
 + Level 11.0 Fighting
 + Level 7.7(11.5) Polearms
 + Level 13.3(14.0) Staves
 + Level 0.1 Throwing
 + Level 8.3 Dodging
 + Level 11.4 Stealth
 + Level 2.7 Evocations


You had 12 spell levels left.
You didn't know any spells.

Dungeon Overview and Level Annotations

Branches:
Dungeon (11/15)            Temple (1/1) D:7            Lair (4/6) D:9
 Shoals (0/4) Lair:4       Spider (0/4) Lair:4          Orc (2/2) D:9
    Elf: Orc:2

Altars:
Ashenzari
Cheibriados
Dithmenos
Elyvilon
Fedhas
Gozag
Hepliaklqana
Kikubaaqudgha
Makhleb
Nemelex Xobeh
Okawaru
Qazlal
Ru
Sif Muna
Trog
Uskayaw
Vehumet
Wu Jian
Xom
Yredelemnul
Zin
The Shining One

Shops:
D:9 ?

Annotations:
Lair:3 Kirke


Innate Abilities, Weirdness & Mutations

((You can breathe blasts of noxious fumes.))
((Your lurid green scales are hard. (AC +8)))
You cannot fit into any form of body armour.
((Your system is resistant to poisons. (rPois)))
((You are cold-blooded and may be slowed by cold attacks.))
((You have a pair of small horns on your head.))
Scrolls take you a little longer to read.
You possess an exceptional clarity of mind.
((Your flesh is very heat resistant. (rF++)))
You are robust. (+10% HP)
((You are resistant to electric shocks. (rElec)))


Message History

You feel very mighty all of a sudden.
The orc high priest hits you but does no damage.
The neqoxec hits you but does no damage.
The orc warrior hits you with a hand axe!
* * * LOW HITPOINT WARNING * * *
The ice devil hits you but does no damage.
The neqoxec gestures at you.
Something tries to feed on your intellect!
Unknown command.
Unknown command.
You hit the orc high priest. You drain the orc high priest!
The orc high priest is lightly wounded.
The orc high priest hits you with a flail of crushing.
* * * LOW HITPOINT WARNING * * *
x2 The orc warrior hits you with a hand axe.
* * * LOW HITPOINT WARNING * * *
The ice devil hits you.
* * * LOW HITPOINT WARNING * * *
The ice devil freezes you!
You die...

##.....#....[[........##
#...........#<.........#
##.#.)......##.#......##
###.##......####......#
#..>.#.....#[.......##
##.###............###
####........[....#
##....o34>...##
##....♣....##
###..4o#.## ##.(.###
##.(# ####


You could see an orc high priest, an ice devil, a neqoxec, a chaos spawn and an
orc warrior.

Vanquished Creatures
  Harold (Lair:1)
  Erolcha (D:9)
  A hydra (Lair:4)
  Erica (Lair:2)
  7 two-headed ogres
  Sonja (Lair:3)
  The ghost of komo4ek the Summoner, a novice BaSu of Sif Muna (D:9)
  A swamp dragon (shapeshifter) (Lair:4)
  Pikel (D:9)
  A lindwurm (Lair:4)
  2 manticores (D:11)
  3 ugly things (D:11)
  Maurice (D:9)
  3 elephants (Lair:4)
  A black mamba (Lair:3)
  Psyche (D:10)
  6 spiny frogs
  A torpor snail (Lair:4)
  A komodo dragon (Lair:1)
  2 trolls
  A queen bee (D:11)
  3 blink frogs (Lair:1)
  A polar bear (Lair:1)
  7 hippogriffs
  A snapping turtle (Lair:4)
  4 dream sheep (Lair:4)
  13 yaks
  A vampire (D:9)
  2 hogs (Lair:3)
  4 basilisks
  3 hungry ghosts (D:9)
  An acid dragon (D:11)
  A warg (Orc:1)
  7 water moccasins
  2 ice beasts
  2 porcupines
  8 orc warriors
  A black bear (D:7)
  2 sky beasts
  4 slaves (D:9)
  2 phantoms
  5 ogres
  33 wolves
  7 centaurs
  6 crocodiles
  3 big kobolds
  A bullfrog (shapeshifter) (Lair:2)
  Blork the orc (D:6)
  19 bullfrogs
  A wyvern skeleton (D:7)
  A jelly (D:10)
  A scorpion (D:4)
  28 killer bees
  13 wights
  5 howler monkeys
  2 electric eels (Lair:4)
  5 crimson imps
  2 bullfrog skeletons
  A quasit (D:10)
  4 hounds
  Crazy Yiuf (D:6)
  A human zombie (Ossuary)
  6 orc priests
  Terence (D:2)
  A centaur skeleton (D:4)
  16 orc wizards
  8 worker ants
  7 hell rats (Lair:3)
  A killer bee zombie (D:9)
  5 ogre zombies (D:9)
  3 hound zombies
  2 hound skeletons
  4 mummies (Ossuary)
  A howler monkey zombie (D:8)
  2 worker ant zombies
  Robin (D:2)
  A howler monkey skeleton (D:5)
  4 gnolls
  16 adders
  2 shadow imps (D:10)
  2 oozes
  3 adder skeletons
  3 worms
  2 dart slugs (D:1)
  8 leopard geckos
  50 orcs
  6 bats
  5 giant cockroaches
  11 goblins
  5 hobgoblins
  6 jackals
  23 kobolds
  2 quokkas
  3 ball pythons
  5 frilled lizards
  4 goblin zombies (D:9)
  3 hobgoblin zombies
  A jackal skeleton (D:4)
  A kobold zombie (Ossuary)
  5 orc skeletons (D:9)
  8 orc zombies (D:9)
  2 rats
  2 fungi (D:6)
488 creatures vanquished.

Vanquished Creatures (collateral kills)
  A basilisk (Lair:2)
  A wolf (Lair:2)
  2 centaur zombies (Ossuary)
  An orc (D:5)
  4 goblins (D:2)
  A hobgoblin (D:2)
  2 hobgoblin zombies (Ossuary)
  A kobold zombie (Ossuary)
13 creatures vanquished.

Vanquished Creatures (others)
  A human (D:3)
  A goblin (D:2)
  7 fungi
  2 plants
11 creatures vanquished.

Grand Total: 512 creatures vanquished

Notes
Turn   | Place    | Note
-------+----------+-------------------------------------------
     0 | D:1      | doot the Draconian Chaos Knight began the quest for the Orb.
     0 | D:1      | Reached XP level 1. HP: 19/19 MP: 1/1
    38 | D:1      | XOM: harmless Summ miscast
    51 | D:1      | XOM: cleaving
   126 | D:1      | XOM: butterfly on damage
   143 | D:1      | Reached XP level 2. HP: 14/26 MP: 2/2
   347 | D:1      | XOM: scenery: 1 doors open
   447 | D:1      | XOM: god gift: curved runed staff {god gift}
   488 | D:1      | XOM: scenery: create altars
  1009 | D:2      | Reached XP level 3. HP: 33/33 MP: 3/3
  1117 | D:2      | Noticed Robin
  1125 | D:2      | XOM: enchant monster (good)
  1126 | D:2      | Reached skill level 1 in Stealth
  1143 | D:2      | XOM: summons 3 friendly demons
  1383 | D:2      | Killed Robin
  1705 | D:2      | Reached XP level 4. HP: 40/40 MP: 4/4
  1722 | D:2      | Found a glowing golden altar of the Shining One.
  1722 | D:2      | Found a bloodstained altar of Trog.
  1723 | D:2      | Found a stormy altar of Qazlal.
  1896 | D:2      | Noticed Terence
  1906 | D:2      | Killed Terence
  1934 | D:2      | XOM: harmless Summ miscast
  2126 | D:2      | XOM: divination: magic mapping
  2196 | D:2      | XOM: give mutations
  2196 | D:2      | Gained mutation: You have a pair of small horns on your head. [Xom's grace]
  2196 | D:2      | Gained mutation: You are resistant to hostile enchantments. (MR+) [Xom's grace]
  2273 | D:3      | Found a sacrificial altar of Ru.
  2328 | D:3      | Reached XP level 5. HP: 39/46 MP: 5/5
  2438 | D:3      | XOM: scenery: create altars
  2466 | D:3      | Found an ancient bone altar of Kikubaaqudgha.
  2481 | D:3      | Noticed a human
  2482 | D:3      | Killed a human
  2578 | D:3      | Found a white marble altar of Elyvilon.
  2684 | D:3      | XOM: give mutations
  2684 | D:3      | Gained mutation: Your system is resistant to poisons. (rPois) [Xom's grace]
  2684 | D:3      | Gained mutation: You have an increased reservoir of magic. (+10% MP) [Xom's grace]
  2684 | D:3      | Gained mutation: Your flesh is heat resistant. (rF+) [Xom's grace]
  2684 | D:3      | Gained mutation: You are somewhat resistant to further mutation. [Xom's grace]
  2895 | D:4      | Reached skill level 5 in Polearms
  2895 | D:4      | Reached XP level 6. HP: 42/53 MP: 6/6
  3057 | D:4      | XOM: destruction
  3115 | D:4      | Found a sand-covered staircase.
  3123 | Ossuary  | Entered an ossuary
  3242 | Ossuary  | XOM: summons friendly ufetubus
  3351 | Ossuary  | Your scales start taking on a lurid green colour.
  3351 | Ossuary  | Reached XP level 7. HP: 40/60 MP: 7/7
  3351 | Ossuary  | Mutation became permanent: Your system is resistant to poisons. (rPois) [Green Draconian growth]
  3351 | Ossuary  | Gained mutation: Your system is resistant to poisons. (rPois) [Green Draconian growth]
  3391 | Ossuary  | XOM: scenery: 1 doors close
  3688 | D:4      | XOM: scenery: create altars
  3808 | D:4      | Reached skill level 5 in Fighting
  3899 | D:4      | Found a deep blue altar of Sif Muna.
  3943 | D:4      | XOM: medium Necr miscast
  4020 | D:4      | XOM: scenery: create altars
  4214 | D:5      | Entered Level 5 of the Dungeon
  4274 | D:5      | Found a hide-covered altar of Uskayaw.
  4282 | D:5      | Got a translucent platinum amulet
  4284 | D:5      | XOM: scenery: create altars
  4288 | D:5      | Identified the amulet of Ledost {+Rage Str+4} (You found it on level 5 of the Dungeon)
  4526 | D:5      | XOM: 2-stop teleportation journey
  4590 | D:5      | XOM: confuse monster(s)
  4755 | D:5      | Found a hazy altar of Hepliaklqana.
  4921 | D:5      | XOM: god gift: gnarled smoking staff {god gift}
  5036 | D:6      | Found a burning altar of Makhleb.
  5099 | D:4      | Fell from the grace of Xom
  5099 | D:4      | Became a worshipper of Sif Muna the Loreminder
  5154 | D:6      | Reached XP level 8. HP: 68/68 MP: 8/8
  5395 | D:6      | Noticed Blork the orc
  5422 | D:6      | Killed Blork the orc
  5786 | D:6      | Found a runed door.
  5790 | D:6      | Noticed Crazy Yiuf
  5795 | D:6      | Killed Crazy Yiuf
  5852 | D:7      | Reached skill level 5 in Stealth
  6026 | D:7      | Reached skill level 1 in Staves
  6128 | D:7      | XOM: medium Hex miscast
  6131 | D:7      | Reached skill level 2 in Staves
  6228 | D:7      | Found a staircase to the Ecumenical Temple.
  6319 | D:7      | Found an iron altar of Okawaru.
  6351 | D:7      | Noticed a hippogriff
  6359 | D:7      | Killed a hippogriff
  6359 | D:7      | Reached skill level 3 in Staves
  6359 | D:7      | Reached XP level 9. HP: 66/75 MP: 9/9
  7031 | D:7      | XOM: medium Necr miscast
  7036 | Temple   | Entered the Ecumenical Temple
  7091 | Temple   | XOM: scenery: 1 doors open, 1 doors close
  7205 | D:8      | Reached skill level 4 in Staves
  7333 | D:7      | XOM: medium Hex miscast
  7681 | D:7      | Reached skill level 5 in Staves
  7817 | D:8      | Reached skill level 1 in Evocations
  7958 | D:8      | Noticed a two-headed ogre
  8014 | D:8      | Killed a two-headed ogre
  8014 | D:8      | Reached skill level 6 in Staves
  8014 | D:8      | Reached skill level 5 in Dodging
  8342 | D:8      | Reached * piety under Sif Muna
  8342 | D:8      | Reached XP level 10. HP: 71/86 MP: 12/12
  8889 | D:9      | Noticed komo4ek's ghost (novice BaSu)
  9013 | D:9      | Reached skill level 7 in Staves
  9029 | D:9      | XOM: mild Air miscast
  9098 | D:9      | Found a sacrificial altar of Ru.
  9113 | D:9      | Found a radiant altar of Vehumet.
  9155 | D:9      | Found a staircase to the Lair.
  9171 | D:9      | Noticed a two-headed ogre
  9182 | D:9      | Killed a two-headed ogre
  9351 | D:9      | Reached skill level 8 in Staves
  9479 | D:9      | XOM: give mutations
  9479 | D:9      | Lost mutation: You are resistant to hostile enchantments. (MR+) [Xom's mischief]
  9479 | D:9      | Gained mutation: Your body sometimes deteriorates upon taking damage. [Xom's mischief]
  9482 | D:9      | Found an opulent altar of Gozag.
  9484 | D:9      | Noticed Pikel
  9569 | D:9      | Found Tileil's Magic Scroll Boutique.
  9713 | D:9      | Noticed Erolcha
  9759 | D:9      | Noticed a two-headed ogre
  9760 | D:9      | Noticed a two-headed ogre
  9803 | D:8      | Killed a two-headed ogre
 10017 | D:9      | Noticed Maurice
 10053 | D:9      | Killed Maurice
 10053 | D:9      | Reached skill level 9 in Staves
 10128 | D:9      | Found a staircase to the Orcish Mines.
 10321 | D:9      | Found a blossoming altar of Fedhas.
 10343 | D:9      | Found a shattered altar of Ashenzari.
 10367 | D:9      | XOM: medium Summ miscast
 10575 | D:9      | Killed komo4ek's ghost
 10575 | D:9      | Reached XP level 11. HP: 94/94 MP: 13/13
 10661 | D:9      | Killed Pikel
 10704 | D:9      | Killed a two-headed ogre
 10757 | D:9      | XOM: medium Summ miscast
 11018 | Lair:1   | Entered Level 1 of the Lair of Beasts
 11437 | Lair:1   | Reached skill level 10 in Staves
 11907 | D:9      | Killed Erolcha
 11919 | Orc:1    | Entered Level 1 of the Orcish Mines
 11964 | D:9      | XOM: give mutations
 11964 | D:9      | Gained mutation: You are resistant to electric shocks. (rElec) [Xom's mischief]
 11964 | D:9      | Lost mutation: You have a pair of small horns on your head. [Xom's mischief]
 11964 | D:9      | Gained mutation: Scrolls take you a little longer to read. [Xom's mischief]
 11978 | D:10     | Entered Level 10 of the Dungeon
 12006 | D:10     | Noticed a two-headed ogre
 12026 | D:10     | Killed a two-headed ogre
 12065 | D:10     | XOM: god gift: flickering copper ring {god gift}
 12066 | D:10     | Got a flickering copper ring {god gift}
 12069 | D:10     | Identified the ring "Tehu" {rElec rN+ Str+3 SInv} (Xom gifted it to you on level 10 of the Dungeon)
 12129 | D:10     | XOM: medium Chrm miscast
 12287 | D:10     | XOM: medium Necr miscast
 12289 | D:10     | Noticed Psyche
 12819 | D:10     | Killed Psyche
 13025 | D:10     | Identified An Introduction to Witchcraft
 13086 | D:10     | Reached ** piety under Sif Muna
 13328 | D:10     | Noticed a two-headed ogre
 13341 | D:10     | Killed a two-headed ogre
 13341 | D:10     | Reached skill level 11 in Staves
 13436 | D:10     | XOM: give mutations
 13436 | D:10     | Gained mutation: Scrolls take you longer to read. [Xom's mischief]
 13436 | D:10     | Lost mutation: You are somewhat resistant to further mutation. [Xom's mischief]
 13436 | D:10     | Gained mutation: You are weak. (Str -2) [Xom's mischief]
 13436 | D:10     | Lost mutation: Scrolls take you longer to read. [Xom's mischief]
 13573 | D:10     | XOM: mild Summ miscast
 13808 | D:11     | XOM: mild Pois miscast
 13830 | D:11     | Reached XP level 12. HP: 65/104 MP: 15/15
 13991 | D:11     | XOM: mild Fire miscast
 14057 | D:11     | Noticed a two-headed ogre
 14421 | D:11     | Lost mutation: Your body sometimes deteriorates upon taking damage. [potion of mutation]
 14421 | D:11     | Lost mutation: You are weak. (Str -2) [potion of mutation]
 14421 | D:11     | Lost mutation: You have an increased reservoir of magic. (+10% MP) [potion of mutation]
 14421 | D:11     | Gained mutation: You are robust. (+10% HP) [potion of mutation]
 14421 | D:11     | Gained mutation: You have a pair of small horns on your head. [potion of mutation]
 14421 | D:11     | Gained mutation: You possess an exceptional clarity of mind. [potion of mutation]
 14421 | D:11     | Gained mutation: Your flesh is very heat resistant. (rF++) [potion of mutation]
 14892 | D:11     | XOM: draining
 14892 | D:11     | Was forgiven by Xom
 15032 | D:11     | Killed a two-headed ogre
 15032 | D:11     | Reached skill level 10 in Stealth
 15952 | Orc:2    | Entered Level 2 of the Orcish Mines
 15952 | Orc:2    | Noticed an orc high priest
 16008 | Orc:1    | Reached skill level 12 in Staves
 16538 | Lair:1   | Noticed Harold
 16552 | Lair:1   | Killed Harold
 16740 | Lair:2   | Reached skill level 10 in Fighting
 17421 | Lair:2   | Reached *** piety under Sif Muna
 17683 | Lair:2   | Noticed Erica
 17819 | Lair:2   | Killed Erica
 18233 | Lair:2   | Identified 2 scrolls of acquirement
 18287 | Lair:3   | Reached XP level 13. HP: 123/125 MP: 15/15
 18848 | Lair:3   | Noticed Sonja
 19081 | Lair:3   | Killed Sonja
 19398 | Lair:4   | Reached skill level 13 in Staves
 19516 | Lair:4   | Found the +10 large shield of Ignorance {rN+ Int-4}
 19666 | Lair:4   | Noticed Kirke
 20056 | Lair:4   | Found a hole to the Spider Nest.
 20554 | Lair:4   | Found a staircase to the Shoals.
 21111 | Orc:1    | Slain by an ice devil

Skill      XL: |  1  2  3  4  5  6  7  8  9 10 11 12 13 |
---------------+----------------------------------------+-----
Stealth        | 1 2 3 4 5 6 8 9 10 11 | 11.4
Fighting       | 4 5 6 7 8 9 10 11 | 11.0
Polearms       | 4 5 6 7 |  7.7
Dodging        | 3 4 5 6 7 8 |  8.3
Staves         | 3 6 9 11 12 13 | 13.3
Evocations     | 1 2 |  2.7
Throwing       | |  0.1

Action                   |  1- 3 |  4- 6 |  7- 9 | 10-12 | 13-15 || total
-------------------------+-------+-------+-------+-------+-------++-------
Melee: Spear             |   105 |   197 |   177 |       |       ||   479
       Tailslap          |     3 |    19 |    39 |   113 |    24 ||   198
       Headbutt          |       |    20 |    51 |   108 |    43 ||   222
       Staff             |       |       |     4 |       |       ||     4
       Quarterstaff      |       |       |   145 |   735 |   169 ||  1049
       Halberd           |       |       |    30 |       |       ||    30
Throw: Throwing net      |       |       |       |     2 |       ||     2
 Abil: Breathe Noxious F |       |       |    30 |    70 |    12 ||   112
       Evoke Berserk Rag |       |       |     3 |     4 |     1 ||     8
  Use: Potion            |       |     1 |     1 |     1 |     2 ||     5
       Scroll            |       |       |    12 |     7 |       ||    19
 Stab: Paralysed         |     2 |     3 |     5 |     5 |     1 ||    16
       Sleeping          |     4 |     1 |     9 |    15 |     5 ||    34
       Petrifying        |     1 |       |     2 |     1 |       ||     4
       Confused          |       |     1 |    18 |    44 |     9 ||    72
       Distracted        |       |       |     1 |     6 |     1 ||     8
       Petrified         |       |       |     2 |       |       ||     2
       Held in net/web   |       |       |       |     1 |       ||     1
  Eat: Ration            |     1 |       |     3 |     3 |     1 ||     8
       Chunk             |       |     3 |    15 |    40 |     7 ||    65
Armor: Skin              |    18 |    39 |    86 |   135 |    40 ||   318
Dodge: Dodged            |    51 |    84 |   181 |   447 |   114 ||   877
